 Dungeon Crawl Stone Soup version 0.29-a0-575-g0dc89cf053 (webtiles) character file.

Game seed: 10824161565687589406

597 xian the Conjurer (level 7, -8/37 HPs)
             Began as a Deep Elf Conjurer on June 12, 2022.
             Killed from afar by Grinder (15 damage)
             ... with a puff of flame
             ... while paralysed by Grinder
             ... on level 5 of the Dungeon.
             The game lasted 00:08:52 (4170 turns).

xian the Conjurer (Deep Elf Conjurer)               Turns: 4170, Time: 00:08:53

Health: -8/37      AC:  4    Str:  4    XL:     7   Next: 17%
Magic:  15/18      EV:  2    Int: 31    God:
Gold:   180        SH:  0    Dex: 19    Spells: 7/18 levels left

rFire   x . .      SeeInvis .   e - +1 short sword (elec)
rCold   . . .      Faith    .   (no shield)
rNeg    . . .      Spirit   .   t - +1 robe "Exippem" {Harm rPois Dex+3}
rPois   +          Reflect  +   (no helmet)
rElec   .          Harm     +   s - -1 cloak of the Abyss {Harm rPois rF- Dex+3}
rCorr   .          Rampage  .   a - +0 pair of gloves
Will    .....                   (no boots)
Stlth   +++.......              k - amulet of reflection
HPRegen 0.12/turn               n - +6 ring of intelligence
MPRegen 0.16/turn               (no ring)

@: paralysed, on berserk cooldown, flying, slowed
A: no striking features
a: no special abilities


You were on level 5 of the Dungeon.
You visited 1 branch of the dungeon, and saw 5 of its levels.

You collected 180 gold pieces.

Inventory:

Hand Weapons
 e - a +1 short sword of electrocution (weapon)
Armour
 a - a +0 pair of gloves (worn)
 s - the -1 cloak of the Abyss (worn) {Harm rPois rF- Dex+3}
   (You found it on level 4 of the Dungeon)

   Dex:       It affects your dexterity (+3).
   rF:        It makes you vulnerable to fire.
   rPois:     It protects you from poison.
   Harm:      It increases damage dealt and taken.
 t - the +1 robe "Exippem" (worn) {Harm rPois Dex+3}
   (You found it on level 4 of the Dungeon)

   Dex:       It affects your dexterity (+3).
   rPois:     It protects you from poison.
   Harm:      It increases damage dealt and taken.
Jewellery
 h - an amulet of guardian spirit
 k - an amulet of reflection (around neck)
 n - a +6 ring of intelligence (left hand)
Scrolls
 c - a scroll of teleportation
 m - 2 scrolls of magic mapping
 o - 2 scrolls of identify
Potions
 b - 2 potions of magic
 d - 3 potions of cancellation
 f - a potion of mutation
 g - a potion of might {unknown}
 i - a potion of berserk rage
 j - 2 potions of lignification {unknown}
 l - a potion of attraction {unknown}
 p - a potion of flight
 q - a potion of curing
 r - a potion of brilliance {unknown}


   Skills:
 + Level 0.3 Fighting
 + Level 1.2 Short Blades
 + Level 3.2 Dodging
 + Level 3.8 Stealth
 + Level 0.6 Shields
 + Level 6.4 Spellcasting
 + Level 7.2 Conjurations


You had 7 spell levels left.
You knew the following spells:

 Your Spells              Type           Power      Damage    Failure   Level
a - Magic Dart            Conj           100%       1d8       1%          1
b - Searing Ray           Conj           100%       2d8       1%          2
c - Iskenderun's Mystic   Conj/Tloc      32%        2d8       11%         4
d - Flame Wave            Conj/Fire      32%        2d8       11%         4

Your spell library contained the following spells:

 Spells                   Type           Power      Damage    Failure   Level
 Foxfire                  Conj/Fire      100%       2x1d9     1%          1
 Conjure Flame            Conj/Fire      32%        6-21      3%          3
 Dazzling Flash           Conj/Hex       64%        N/A       3%          3
 Fulminant Prism          Conj/Hex       16%        3d11      11%         4
 Inner Flame              Hex/Fire       9%         N/A       14%         3


Dungeon Overview and Level Annotations

Branches:
Dungeon (5/15)
 Temple: D:4-7

Altars:

Shops:
D:4 *

Annotations:
D:4 Wands
D:5 Grinder


Message History

You can move again.
The phantom hits you.
The phantom blinks!
You blink.
Grinder gestures at you. Pain shoots through your body!
Casting: Searing Ray (safe; 1% risk of failure)
Confirm with . or Enter, or press ? or * to list all spells.
The spell is quite dangerous to miscast (12% risk of failure)!
Continue anyway?
Uppercase [Y]es or [N]o only, please.
The spell is quite dangerous to miscast (12% risk of failure)!
Continue anyway?
Casting: Flame Wave (quite dangerous; 12% risk of failure)
Press: ? - help, Dir - look around, f - activate A wave of flame ripples out!
The flame wave engulfs the phantom.
The phantom is moderately damaged. (Press . to intensify the flame waves.)
The phantom hits you.
Grinder zaps a wand.
The puff of flame hits you! The fire burns you terribly!
* * * LOW HITPOINT WARNING * * *
It was a potion of flight.
You feel very buoyant.
You fly up into the air.
The phantom hits you but does no damage.
It was a potion of berserk rage.
A red film seems to cover your vision as you go berserk!
You feel yourself moving faster!
You feel mighty!
The phantom hits you but does no damage.
Unknown command.
You puncture the phantom!
The phantom is severely damaged.
You hit the phantom. Lightning courses through the phantom!
You destroy the phantom!
You feel a strong urge to attack something.
You feel your anger nearly subside.
You are no longer berserk.
You are exhausted.
You feel yourself slow down.
It was a potion of curing.
You feel better. Grinder gestures at you.
You suddenly lose the ability to move!
Grinder blinks!
Grinder zaps a wand.
The puff of flame hits you! The fire burns you terribly!
You die...

#.# #.# #.# # ... .#
######.#######.#
.#....#.#.ยง@....##
.................+ #.
...5#.#.#####.##
#.###.####.#'#####.#
#.................. .
#.#...#####........
.###..#######........
.#..........'........
.#.#.#...####........


You could see Grinder.

Vanquished Creatures
  Sigmund (D:3)
  2 ogres (D:4)
  A phantom (D:5)
  A scorpion (D:4)
  A hound (D:3)
  An iguana (D:5)
  An adder (D:2)
  2 dart slugs
  8 ball pythons
  3 bats
  6 endoplasms
  3 giant cockroaches
  8 goblins
  7 hobgoblins
  A jackal (D:2)
  2 quokkas (D:2)
  5 frilled lizards
  9 kobolds
  6 rats
68 creatures vanquished.

Notes
Turn   | Place    | Note
-------+----------+-------------------------------------------
     0 | D:1      | xian the Deep Elf Conjurer began the quest for the Orb.
     0 | D:1      | Reached XP level 1. HP: 10/10 MP: 6/6
   222 | D:1      | Found a faded altar of an unknown god.
   343 | D:1      | Reached XP level 2. HP: 15/15 MP: 5/8
   346 | D:1      | Learned a level 2 spell: Searing Ray
  1071 | D:2      | Reached skill level 5 in Conjurations
  1081 | D:2      | Reached XP level 3. HP: 15/19 MP: 1/9
  2227 | D:3      | Noticed Sigmund
  2230 | D:3      | Killed Sigmund
  2231 | D:3      | Reached skill level 6 in Conjurations
  2231 | D:3      | Reached XP level 4. HP: 24/24 MP: 6/12
  2231 | D:3      | Reached XP level 5. HP: 28/28 MP: 7/14
  2718 | D:4      | Reached skill level 5 in Spellcasting
  2902 | D:4      | Reached skill level 1 in Short Blades
  2902 | D:4      | Reached XP level 6. HP: 27/32 MP: 6/15
  2979 | D:4      | Identified the -1 cloak of the Abyss {Harm rPois rF- Dex+3}
  3034 | D:4      | Found Ximucs's Overcharged Wands.
  3084 | D:4      | Identified the +1 robe "Exippem" {Harm rPois Dex+3}
  3259 | D:4      | Learned a level 4 spell: Iskenderun's Mystic Blast
  3264 | D:4      | Learned a level 4 spell: Flame Wave
  4001 | D:5      | Entered Level 5 of the Dungeon
  4064 | D:5      | Reached skill level 7 in Conjurations
  4064 | D:5      | Reached XP level 7. HP: 36/36 MP: 6/18
  4155 | D:5      | Noticed Grinder
  4155 | D:5      | Paralysed by Grinder for 2 turns
  4158 | D:5      | HP: 1/36 [Grinder/puff of flame (10)]
  4167 | D:5      | Paralysed by Grinder for 4 turns
  4170 | D:5      | Killed from afar by Grinder

Illustrated notes

Levels and vault maps discovered:
D:1:      heliophobic_arrival_glass_houses, layout_basic,
          shapermc_ecumenical_altar_notcrosses, corexii_leaking_fountain
D:2:      layout_loops_cross, minmay_bisected
D:3:      layout_rooms, kennysheep_doodads, uniq_sigmund
D:4:      layout_basic, nicolae_shop_overcharged_wands
D:5:      layout_basic, grunt_temple_overflow_open, uniq_grinder

Skill      XL: |  1  2  3  4  5  6 |
---------------+-------------------+-----
Conjurations   | 5 6 7 |  7.2
Stealth        | 3 |  3.8
Dodging        | 3 |  3.2
Spellcasting   | 4 5 6 |  6.4
Short Blades   | 1 |  1.2
Fighting       | |  0.3
Shields        | |  0.6

Action                   |  1- 3 |  4- 6 |  7- 9 || total
-------------------------+-------+-------+-------++-------
Melee: Short sword       |    15 |       |     2 ||    17
 Cast: Magic Dart        |    69 |    36 |       ||   105
       Searing Ray       |     1 |     5 |       ||     6
       Flame Wave        |       |     2 |     1 ||     3
  Use: Scroll            |     7 |     3 |       ||    10
       Potion            |       |       |     3 ||     3
Armor: Robe              |     5 |     1 |     2 ||     8
Dodge: Dodged            |     5 |     6 |       ||    11
Block: Other             |     7 |     2 |       ||     9

Table legend: (Time is in decaauts)
 A = Elapsed time spent in this place.
 B = Non-inter-level travel time spent in this place.
 C = Inter-level travel time spent in this place.
 D = Time resting spent in this place.
 E = Time spent auto-exploring this place.
 F = Levels seen in this place.
 G = Mean time per level.
                   A        B        C        D        E       F      G
               +--------+--------+--------+--------+--------+-----+--------+
         Total |   4168 |   4122 |     46 |     62 |   3586 |   5 |  833.6 |
       Dungeon |   4168 |   4122 |     46 |     62 |   3586 |   5 |  833.6 |
               +--------+--------+--------+--------+--------+-----+--------+

Top non-repeatable levels by time:
     D:4: 1286 daAuts
     D:2: 1096 daAuts
     D:1: 992 daAuts
     D:3: 625 daAuts
     D:5: 167 daAuts
